 Dungeon Crawl Stone Soup version 0.25-a0-565-g8875c97ebb (webtiles) character file.

Game seed: 295303957336801430, levelgen mode: deterministic

12341 Flugslaktarn the Cleaver (level 11, -9/102 HPs)
             Began as a Deep Dwarf Fighter on Feb 26, 2020.
             Was a Priest of Makhleb.
             Mangled by Snorg (20 damage)
             ... on level 11 of the Dungeon.
             The game lasted 00:04:11 (6276 turns).

Flugslaktarn the Cleaver (Deep Dwarf Fighter)       Turns: 6276, Time: 00:04:11

Health: -9/102     AC: 16    Str: 27    XL:     11   Next: 61%
Magic:  11/11      EV:  9    Int:  8    God:    Makhleb [***...]
Gold:   553        SH: 12    Dex: 12    Spells: 10/10 levels left

rFire    . . .     SeeInvis .   a - +0 war axe
rCold    + . .     Gourm    .   c - +0 kite shield
rNeg     . . .     Faith    .   y - +5 ring mail of Ru's Whim {rC+ Str+3 Slay+5}
rPois    .         Spirit   .   g - +1 helmet
rElec    .         Reflect  .   (no cloak)
rCorr    .         Harm     .   b - +1 pair of gloves {archery}
MR       +....                  (no boots)
Stlth    +.........             (no amulet)
HPRegen  0.00/turn              (no ring)
MPRegen  0.12/turn              (no ring)

@: non-regenerating
A: damage resistance, heal wounds, sense surroundings 2, no regeneration
a: Heal Wounds, Minor Destruction, Lesser Servant of Makhleb, Renounce Religion


You were on level 11 of the Dungeon.
You worshipped Makhleb.
Makhleb was most pleased with you.
You were not hungry.

You visited 2 branches of the dungeon, and saw 12 of its levels.

You collected 553 gold pieces.

Inventory:

Hand Weapons
 a - a +0 war axe (weapon)
Missiles
 x - 3 throwing nets (quivered)
Armour
 b - a +1 pair of gloves of archery (worn)
   (You acquired it on level 9 of the Dungeon)
 c - a +0 kite shield (worn)
 g - a +1 helmet (worn)
   (You took it off Robin on level 2 of the Dungeon)
 l - a +0 plate armour
   (You took it off an orc warrior on level 7 of the Dungeon)
 y - the +5 ring mail of Ru's Whim (worn) {rC+ Str+3 Slay+5}
   (You found it on level 8 of the Dungeon)

   It affects your strength (+3).
   It affects your accuracy and damage with ranged weapons and melee attacks
   (+5).
   It protects you from cold.
   If you remove this armour, your AC will decrease by 12 (16 -> 4).
Jewellery
 f - an uncursed ring of fire {unknown}
   (You found it on level 10 of the Dungeon)
 j - an uncursed ring of protection from cold {unknown}
   (You found it on level 10 of the Dungeon)
Wands
 s - a wand of iceblast (15)
   (You found it on level 7 of the Dungeon)
Scrolls
 h - a scroll of immolation
 i - 2 scrolls of magic mapping
 k - 3 scrolls of fear
 r - a scroll of identify
 t - 5 scrolls of teleportation
 w - 2 scrolls of remove curse
Potions
 d - 2 potions of might
 m - a potion of invisibility
 n - 2 potions of resistance
 o - 2 potions of heal wounds {unknown}
 u - a potion of cancellation
 v - 2 potions of flight {unknown}
 z - a potion of degeneration {unknown}
 A - 4 potions of curing {unknown}
Comestibles
 e - 23 rations
 p - 6 chunks of flesh


   Skills:
 + Level 7.7 Fighting
 * Level 12.1 Axes
 + Level 9.3 Armour
 + Level 9.3 Shields
 + Level 8.2 Invocations


You had 10 spell levels left.
You didn't know any spells.
Your spell library was empty.

Dungeon Overview and Level Annotations

Branches:
Dungeon (11/15)            Temple (1/1) D:6            Lair (0/6) D:9
    Orc: D:9-12

Altars:
Ashenzari
Cheibriados
Dithmenos
Elyvilon
Fedhas
Gozag
Hepliaklqana
Kikubaaqudgha
Makhleb
Nemelex Xobeh
Okawaru
Qazlal
Ru
Sif Muna
Trog
Uskayaw
Vehumet
Wu Jian
Xom
Yredelemnul
Zin
The Shining One

Shops:
D:7 *

Portals:
Trove: D:11 (give +3 shadow dragon scales)

Annotations:
D:11 Snorg


Innate Abilities, Weirdness & Mutations

You are resistant to damage.
You can heal yourself by infusing magical energy.
You passively map the area around you.
You do not regenerate.


Message History

Your orange demon stings Snorg from afar.
You feel much better. Snorg completely misses you.
Snorg claws you but does no damage. x2
Your orange demon stings Snorg from afar.
Snorg bites your orange demon! Snorg claws your orange demon!! x2
Your orange demon stings Snorg.
Your orange demon barely misses Snorg.
Snorg bites your orange demon!!
Your orange demon dies!
You block Snorg's attack. Snorg claws you. Snorg claws you but does no damage.
A demon appears!
You block Snorg's attack. Snorg claws you. Snorg closely misses you.
Snorg bites you!!
* * * LOW HITPOINT WARNING * * *
Snorg claws you!
* * * LOW HITPOINT WARNING * * *
Snorg closely misses you. Snorg bites you!
* * * LOW HITPOINT WARNING * * *
You block Snorg's attack. Snorg barely misses you. Snorg bites you!!
You die...

######################### #####
.........................,.....
.......#...............# ...# *
.......#...............###...#
.#.....#.....................#
.#.....#.....................# *
.#...........................##
..).)...........@T.4............
#'#########'#.........##########
......'.....#.......<.#
......#.....#.........#
......#.....#..#.(....#
......#.....#..#......#
##+########.#.........#######
.....# #.###.............#
.....# , #...#.............#


You could see Snorg (berserk) and a friendly hellwing.

Vanquished Creatures
  Harold (D:8)
  3 two-headed ogres
  An ugly thing (D:11)
  A manticore (D:11)
  Joseph (D:7)
  Psyche (D:9)
  Maggie (D:7)
  4 hippogriffs
  10 yaks
  A wyvern (D:8)
  Grum (D:9)
  2 vampires
  Menkaure (D:7)
  A water moccasin (D:6)
  A sky beast (D:6)
  4 orc warriors
  4 ice beasts
  4 phantoms
  A black bear (D:6)
  7 ogres
  4 wolves (D:9)
  4 centaurs
  2 big kobolds
  6 bullfrogs
  7 scorpions
  8 killer bees
  6 jellies
  4 crimson imps
  5 hounds
  An orc priest (D:4)
  11 orc wizards
  3 centaur skeletons
  4 iguanas
  7 worker ants
  A hound skeleton (D:6)
  Robin (D:2)
  A worker ant zombie (D:10)
  2 howler monkey zombies
  8 adders
  A shadow imp (D:8)
  5 oozes (D:8)
  2 worms
  A dart slug (D:2)
  7 leopard geckos
  26 orcs
  3 giant cockroaches
  6 goblins (D:2)
  5 hobgoblins
  9 jackals (D:4)
  5 quokkas
  7 bats
  A frilled lizard (D:2)
  12 kobolds
  A leopard gecko skeleton (D:4)
  2 quokka zombies
  7 rats
235 creatures vanquished.

Vanquished Creatures (others)
  A fungus (D:9)
1 creature vanquished.

Grand Total: 236 creatures vanquished

Notes
Turn   | Place    | Note
-------+----------+-------------------------------------------
     0 | D:1      | Flugslaktarn the Deep Dwarf Fighter began the quest for the
                  | Orb.
     0 | D:1      | Reached XP level 1. HP: 20/20 MP: 1/1
   198 | D:2      | Noticed Robin
   202 | D:2      | Reached XP level 2. HP: 25/27 MP: 2/2
   235 | D:2      | Reached skill level 3 in Axes
   248 | D:2      | Killed Robin
   248 | D:2      | Reached XP level 3. HP: 32/34 MP: 3/3
   421 | D:4      | Reached XP level 4. HP: 32/42 MP: 4/4
   459 | D:5      | Entered Level 5 of the Dungeon
   462 | D:5      | Noticed an ogre
   474 | D:4      | Noticed an ogre
   486 | D:4      | Killed an ogre
   486 | D:4      | Reached skill level 4 in Axes
   486 | D:4      | Reached XP level 5. HP: 28/49 MP: 5/5
   505 | D:4      | Reached XP level 6. HP: 41/56 MP: 6/6
   593 | D:4      | Reached skill level 5 in Axes
   709 | D:4      | Reached XP level 7. HP: 51/64 MP: 7/7
   737 | D:4      | Reached skill level 5 in Armour
   737 | D:4      | Reached skill level 5 in Shields
   770 | D:4      | Reached skill level 6 in Axes
  1312 | D:6      | Reached XP level 8. HP: 38/73 MP: 7/7
  1325 | D:6      | Reached skill level 7 in Axes
  1355 | D:6      | Found a staircase to the Ecumenical Temple.
  1367 | Temple   | Entered the Ecumenical Temple
  1609 | Temple   | Became a worshipper of Makhleb the Destroyer
  1712 | D:6      | Reached skill level 5 in Fighting
  1712 | D:6      | Reached skill level 1 in Invocations
  1823 | D:6      | Found a white marble altar of Elyvilon.
  2029 | D:6      | Found a sparkling altar of Nemelex Xobeh.
  2050 | D:6      | Reached skill level 8 in Axes
  2169 | D:6      | Gained mutation: You passively map the area around you.
                  | [Deep Dwarf growth]
  2169 | D:6      | Reached XP level 9. HP: 58/81 MP: 8/8
  2338 | D:7      | Found Gyloco's Island Escapes.
  2384 | D:7      | Noticed Maggie
  2408 | D:7      | Killed Maggie
  2784 | D:7      | Noticed Menkaure
  2792 | D:7      | Killed Menkaure
  2792 | D:7      | Reached skill level 9 in Axes
  2882 | D:7      | Reached * piety under Makhleb
  2912 | D:7      | Noticed Joseph
  2940 | D:7      | Killed Joseph
  3261 | D:8      | Reached skill level 5 in Invocations
  3436 | D:8      | Found a glowing golden altar of the Shining One.
  3436 | D:8      | Noticed Harold
  3465 | D:8      | Killed Harold
  3465 | D:8      | Reached skill level 10 in Axes
  3465 | D:8      | Reached XP level 10. HP: 91/91 MP: 7/9
  3487 | D:8      | Noticed a two-headed ogre
  3500 | D:8      | Killed a two-headed ogre
  3611 | D:8      | Noticed a two-headed ogre
  3622 | D:8      | Killed a two-headed ogre
  3809 | D:8      | Got a bloodstained ring mail
  3820 | D:8      | Identified the +5 ring mail of Ru's Whim {rC+ Str+3 Slay+5}
                  | (You found it on level 8 of the Dungeon)
  4192 | D:9      | Found a staircase to the Lair.
  4210 | D:9      | Noticed Psyche
  4215 | D:9      | Killed Psyche
  4215 | D:9      | Reached ** piety under Makhleb
  4215 | D:9      | Reached skill level 11 in Axes
  4356 | D:9      | Noticed a two-headed ogre
  4366 | D:9      | Killed a two-headed ogre
  4366 | D:9      | Reached XP level 11. HP: 65/100 MP: 11/11
  4592 | D:9      | Noticed Grum
  4608 | D:9      | Killed Grum
  4672 | D:9      | Identified a scroll of acquirement
  4672 | D:9      | Identified the ring "Unaih" {*Slow +Fly rPois Str+2} (You
                  | acquired it on level 9 of the Dungeon)
  5037 | D:10     | Entered Level 10 of the Dungeon
  5108 | D:10     | Found a sacrificial altar of Ru.
  5130 | D:10     | Reached *** piety under Makhleb
  5919 | D:11     | Found a portal to a secret trove of treasure.
  5979 | D:11     | Noticed a red ugly thing
  5991 | D:11     | Killed a red ugly thing
  6001 | D:11     | Reached skill level 12 in Axes
  6257 | D:11     | Noticed Snorg
  6276 | D:11     | Mangled by Snorg

Levels and vault maps discovered:
D:1:      evilmike_arrival_plus, layout_loops_corners
D:2:      layout_rooms, minmay_cupped, uniq_robin
D:3:      layout_rooms, kennysheep_potato, uniq_jessica
D:4:      layout_rooms, hangedman_decor_growths
D:5:      layout_rooms, first_ration
D:6:      layout_gridville, kennysheep_mini_moat, minmay_temple_entry_mist,
          basic_altar, minmay_misc_feat_more_columns
D:7:      minmay_chambers_of_fours, layout_cave_pools, nicolae_island_escapes,
          uniq_maggie, uniq_joseph, uniq_menkaure
D:8:      layout_loops_corners, hangedman_little_slice_of_home, tso_altar,
          uniq_harold
D:9:      layout_long_grid, dpeg_oklobed_lair, uniq_grum, uniq_psyche
D:10:     layout_grid_maze, nicolae_ru_awakened_eye
D:11:     layout_stronghold, nicolae_trove_entry_columns, uniq_snorg
Temple:   regret_index_temple_sigil_plot

Skill      XL: |  1  2  3  4  5  6  7  8  9 10 11 |
---------------+----------------------------------+-----
Axes           | 3 4 5 6 8 10 11 12 | 12.1
Fighting       | 3 4 5 6 7 |  7.7
Armour         | 4 5 6 7 8 9 |  9.3
Shields        | 4 5 6 7 8 9 |  9.3
Invocations    | 2 5 7 8 |  8.2

Action                   |  1- 3 |  4- 6 |  7- 9 | 10-12 || total
-------------------------+-------+-------+-------+-------++-------
Melee: War axe           |   101 |   107 |   394 |   366 ||   968
Invok: Lesser Servant of |       |       |       |     2 ||     2
 Abil: Heal Wounds       |     1 |     3 |    19 |    11 ||    34
  Use: Scroll            |       |       |       |    13 ||    13
  Eat: Ration            |       |     1 |       |       ||     1
       Chunk             |       |       |     6 |    10 ||    16
Armor: Scale mail        |    42 |    62 |    99 |       ||   203
       Plate armour      |       |       |    71 |    42 ||   113
       Ring mail         |       |       |       |   134 ||   134
Dodge: Dodged            |    29 |    72 |   100 |   127 ||   328
Block: Kite shield       |    62 |    96 |   196 |   212 ||   566

Table legend:
 A = Non-vault XP
 B = Vault XP
 C = Vault XP percentage of total XP
 D = Non-vault monster count
 E = Vault monster count
 F = Vault count percentage of total count
                 A         B        C        D         E       F
            +---------+---------+-------+---------+---------+-------
      Total |   13970 |    3661 |  20.8 |     201 |      34 |  14.5
            +---------+---------+-------+---------+---------+-------
        D:1 |       7 |       0 |   0.0 |       5 |       0 |   0.0
        D:2 |      23 |      35 |  60.3 |      14 |      11 |  44.0
        D:3 |      10 |       0 |   0.0 |       4 |       0 |   0.0
        D:4 |     994 |       0 |   0.0 |      31 |       0 |   0.0
        D:5 |     289 |       0 |   0.0 |       6 |       0 |   0.0
        D:6 |    1452 |       0 |   0.0 |      27 |       0 |   0.0
        D:7 |     369 |    1419 |  79.4 |      15 |       8 |  34.8
        D:8 |    3504 |    1112 |  24.1 |      24 |       9 |  27.3
        D:9 |    3275 |    1095 |  25.1 |      32 |       6 |  15.8
       D:10 |    1513 |       0 |   0.0 |      26 |       0 |   0.0
       D:11 |    2534 |       0 |   0.0 |      17 |       0 |   0.0
            +---------+---------+-------+---------+---------+-------
